 Dungeon Crawl Stone Soup version 0.29.1-15-g9cfb28693d (webtiles) character file.

Game seed: 13124398854954275133

45 Heoruswealwe the Magician (level 3, 19/19 HPs)
             Began as a Deep Elf Earth Elementalist on May 3, 2023.
             Was a Follower of Qazlal.
             Got out of the dungeon alive.
             The game lasted 00:06:55 (682 turns).

Heoruswealwe the Magician (DEEE)                     Turns: 682, Time: 00:06:55

Health: 19/19      AC:  6    Str:  5    XL:     3   Next: 42%
Magic:  10/10      EV: 12    Int: 21    God:    Qazlal [*.....]
Gold:   9          SH:  1    Dex: 15    Spells: 4/10 levels left

rFire   . . .      SeeInvis .   (no weapon)
rCold   . . .      Faith    .   (no shield)
rNeg    . . .      Spirit   .   c - +0 robe
rPois   .          Reflect  .   (no helmet)
rElec   .          Harm     .   (no cloak)
rCorr   .          Rampage  .   (no gloves)
Will    .....                   (no boots)
Stlth   ++........              (no amulet)
HPRegen 0.06/turn               k - +4 ring of protection
MPRegen 0.12/turn               (no ring)

@: no status effects
A: no striking features
a: Renounce Religion


You escaped.
You worshipped Qazlal.
Qazlal was aware of your devotion.
You visited 1 branch of the dungeon, and saw 1 of its levels.

You collected 9 gold pieces.

Inventory:

Armour
 c - a +0 robe (worn)
Jewellery
 k - a +4 ring of protection (left hand)
Scrolls
 e - 3 scrolls of amnesia
 g - a scroll of butterflies
Potions
 b - a potion of magic


   Skills:
 - Level 2.4 Dodging
 - Level 2.4 Stealth
 + Level 4.3 Spellcasting
 - Level 1.1 Transmutations
 + Level 4.2 Earth Magic


You had 4 spell levels left.
You knew the following spells:

 Your Spells              Type           Power      Damage    Failure   Level
a - Sandblast             Erth           44%        2d11      1%          1
b - Stone Arrow           Conj/Erth      26%        3d8       14%         3
z - Passwall              Tmut/Erth      12%        N/A       6%          2

Your spell library contained the following spells:

 Spells                   Type           Power      Damage    Failure   Level
 Petrify                  Tmut/Erth      15%        N/A       36%         4


Dungeon Overview and Level Annotations

Branches:
Dungeon (1/15)

Altars:
Qazlal


Message History

The blast of sand hits the jackal.
You kill the jackal!
The jackal bites you but does no damage.
The jackal barely misses you.
The blast of sand hits the jackal!
You kill the jackal!
Things that are here:
a +0 club; a jackal corpse You open the door.
There is an open door here.
There is a faded altar of an unknown god here.
You cannot tell which god this altar belongs to.
Convert to them anyway?
Qazlal accepts your prayer! Qazlal welcomes you!
Qazlal grants you and your divine allies immunity to clouds.
You are now surrounded by a storm.
As you read the scroll labelled YGHEOR AHELOJ, it crumbles to dust.
Magic quickly surges around you.
It was a scroll of vulnerability.
As you read the scroll labelled BITYXIFOBB, it crumbles to dust.
It is a scroll of identify.
e - 3 scrolls of amnesia
As you read the scroll of identify, it crumbles to dust.
g - a scroll of butterflies
As you read the scroll labelled VEGUALEOWN, it crumbles to dust.
You feel strangely unstable.
It was a scroll of teleportation.
As you read the scroll labelled HALYUJINTIS, it crumbles to dust.
You feel aware of your surroundings.
It was a scroll of magic mapping.
It was a potion of curing.
You feel better.
Your surroundings suddenly seem different.
Magic restored.
You feel your willpower return.
Partly explored, can't reach some places.
Partly explored, can't reach some places.
Partly explored, can't reach some places.
Partly explored, can't reach some places.
Partly explored, can't reach some places.
Partly explored, can't reach some places.
There is a staircase leading out of the dungeon here.
Are you sure you want to leave the Dungeon?
This will make you lose the game!
You have escaped!

..........#.# #≈≈≈≈≈≈≈≈≈
#.........#.# ##≈≈≈≈≈≈≈≈≈
#.........#.####### ##≈≈≈≈≈≈≈≈~~
..>...............####~≈≈≈#####~~
#.)...................~≈≈≈#...###
####...##.........###.~≈≈≈#._.'..
#.#.##...♣.....###.~~≈≈#...###
#.#.##....8.........≈≈≈#####≈#
#.#.##.......@......~≈≈≈≈≈≈≈≈≈
####.#.##........§###.#.~≈≈≈≈≈≈≈~
.......##.........# #.#.~≈≈≈≈≈~~#
#####.)##.........# #.#.##≈≈≈≈~..
# #..###........###.#.#######.# #
#.................#.# #.# #
#.†.......#.#.#####.# #.#
#####.............# #...# #.#
...(..####.##.#..## #.### #.#


There were no monsters in sight!

Vanquished Creatures
  A gnoll (D:1)
  A dart slug (D:1)
  An endoplasm (D:1)
  A giant cockroach (D:1)
  A hobgoblin (D:1)
  10 jackals (D:1)
  3 kobolds (D:1)
  2 quokkas (D:1)
  2 ball pythons (D:1)
  A bat (D:1)
  A frilled lizard (D:1)
  4 goblins (D:1)
  2 rats (D:1)
30 creatures vanquished.

Notes
Turn   | Place    | Note
-------+----------+-------------------------------------------
     0 | D:1      | Heoruswealwe the Deep Elf Earth Elementalist began the
                  | quest for the Orb.
     0 | D:1      | Reached XP level 1. HP: 10/10 MP: 6/6
    58 | D:1      | Reached XP level 2. HP: 14/15 MP: 2/8
    61 | D:1      | Learned a level 2 spell: Passwall
   301 | D:1      | Reached XP level 3. HP: 19/19 MP: 6/10
   305 | D:1      | Learned a level 3 spell: Stone Arrow
   552 | D:1      | Found a faded altar of an unknown god.
   620 | D:1      | Prayed at the altar of an unknown god.
   620 | D:1      | Became a worshipper of Qazlal Stormbringer
   620 | D:1      | Reached * piety under Qazlal
   682 | D:$      | Got out of the dungeon alive.

Illustrated notes

Levels and vault maps discovered:
D:1:      wander_arrival_lonely_grave, layout_loops_ring,
          nicolae_ecumenical_lake_church

Skill      XL: |  1  2 |
---------------+-------+-----
Spellcasting   | 4 |  4.3
Earth Magic    | 4 |  4.2
Dodging        | |  2.4
Stealth        | |  2.4
Transmutations | |  1.1

Action                   || total
-------------------------++-------
 Cast: Sandblast         ||    38
  Use: Scroll            ||     5
       Potion            ||     1
Armor: Robe              ||     6
Dodge: Dodged            ||     9
